FCL
FCL BOSTON RED SOX @ FCL LOS ANGELES (N) DODGERS
05/12/2042
 
TOP OF THE 1ST
FCL Boston Red Sox batting - Pitching for FCL Los Angeles (N) Dodgers : LHP Tommy McCoy
Pitching: LHP Tommy McCoy
Batting: RHB Luis Martínez 0-0: Called Strike
0-1: Ball
1-1: Ball
2-1: Ball
3-1: Foul Ball, location: 2F
3-2: Foul Ball, location: 2F
3-2: Foul Ball, location: 2F
3-2: Foul Ball, location: 9LSF
3-2: Base on Balls
Batting: RHB Doug Kerr 0-0: Ball
1-0: Swinging Strike
1-1: Ball
2-1: Called Strike
2-2: Ball
3-2: Foul Ball, location: 2F
3-2: Foul Ball, location: 2F
3-2: Foul Ball, location: 9LMF
3-2: Foul Ball, location: 9LSF
3-2: Strikes out swinging
Batting: RHB Ken Cotero 0-0: SINGLE (Line Drive, 8LS, EV 90.0 MPH)
Luis Martínez to second
Throwing error, E8
Luis Martínez scores
Ken Cotero to second
Batting: LHB Joaquín Segura 0-0: Ball
1-0: Ground out 4-3 (Groundball, 4M, EV 88.8 MPH)
Ken Cotero to third
Batting: RHB Jorge Ramírez 0-0: Called Strike
0-1: Ball
1-1: SINGLE (Line Drive, 34, EV 97.5 MPH)
Ken Cotero scores
Batting: SHB José Rodríguez 0-0: Ball
1-0: Called Strike
1-1: Ball
2-1: DOUBLE (Flyball, 78D, EV 91.9 MPH)
Jorge Ramírez to third
Batting: RHB Luz Negrón 0-0: Ball
1-0: SINGLE (Groundball, 5D, EV 103.1 MPH)
Jorge Ramírez scores
José Rodríguez to third
Runner from 3rd tries for Home, SAFE, throw by LF to home
Luz Negrón to second
Batting: RHB Tim Williams 0-0: Called Strike
0-1: Ball
1-1: SINGLE (Line Drive, 78S, EV 96.9 MPH)
Luz Negrón to third
Batting: RHB Robbie Moore 0-0: Foul Ball, location: 9LDF
0-1: Ball
1-1: Foul Ball, location: 2F
1-2: Strikes out swinging
Top of the 1st over - 4 runs, 5 hits, 1 error, 2 left on base; FCL Boston 4 - FCL Los Angeles (N) 0
BOTTOM OF THE 1ST
FCL Los Angeles (N) Dodgers batting - Pitching for FCL Boston Red Sox : LHP Ron Walters
Pitching: LHP Ron Walters
Batting: RHB Alfredo Macías 0-0: Ground out 6-3 (Groundball, 6, EV 101.3 MPH)
Batting: LHB Steve Drews 0-0: Foul Ball, location: 9LSF
0-1: Ball
1-1: Ball
2-1: Fly out, F6 (Popup, 6MD, EV 46.3 MPH)
Batting: SHB Joe Holley 0-0: Ball
1-0: Ground out 4-3 (Groundball, 4, EV 109.4 MPH)
Bottom of the 1st over - 0 runs, 0 hits, 0 errors, 0 left on base; FCL Boston 4 - FCL Los Angeles (N) 0
TOP OF THE 2ND
FCL Boston Red Sox batting - Pitching for FCL Los Angeles (N) Dodgers : LHP Tommy McCoy
Batting: RHB Luis Martínez 0-0: Foul Ball, location: 2F
0-1: Ball
1-1: Called Strike
1-2: Ball
2-2: Foul Ball, location: 5FF
2-2: Foul Ball, location: 3SF
2-2: Hit by Pitch
Batting: RHB Doug Kerr 0-0: Ball
1-0: Called Strike
Luis Martínez is caught stealing 2nd base 2-4
1-1: Called Strike
1-2: Strikes out swinging
Batting: RHB Ken Cotero 0-0: Called Strike
0-1: Ball
1-1: Ball
2-1: Called Strike
2-2: Strikes out looking
Top of the 2nd over - 0 runs, 0 hits, 0 errors, 0 left on base; FCL Boston 4 - FCL Los Angeles (N) 0
BOTTOM OF THE 2ND
FCL Los Angeles (N) Dodgers batting - Pitching for FCL Boston Red Sox : LHP Ron Walters
Batting: RHB Sergio Aguilera 0-0: Foul Ball, location: 9LSF
0-1: Ground out 1-3 (Groundball, 13S, EV 64.4 MPH)
Batting: RHB Gonçalo Givotovsky 0-0: Ball
1-0: Ground out 5-3 (Groundball, 56S, EV 82.5 MPH)
Batting: LHB José Meléndez 0-0: SINGLE (Line Drive, 56D, EV 96.3 MPH)
Batting: RHB Patrice Dumortier 0-0: Ball
1-0: Called Strike
José Meléndez steals 2nd base
1-1: Ball
2-1: Ground out U3 (Groundball, 34S, EV 70.6 MPH)
Bottom of the 2nd over - 0 runs, 1 hit, 0 errors, 1 left on base; FCL Boston 4 - FCL Los Angeles (N) 0
TOP OF THE 3RD
FCL Boston Red Sox batting - Pitching for FCL Los Angeles (N) Dodgers : LHP Tommy McCoy
Batting: LHB Joaquín Segura 0-0: Ball
1-0: Foul Ball, location: 3F
1-1: Ball
2-1: Ball
3-1: Base on Balls
Batting: RHB Jorge Ramírez 0-0: Swinging Strike
0-1: Foul Ball, location: 5DF
0-2: Strikes out swinging
Batting: SHB José Rodríguez 0-0: Swinging Strike
0-1: Foul Ball, location: 5F
0-2: Ball
1-2: Strikes out swinging
Batting: RHB Luz Negrón 0-0: Fly out, F7 (Line Drive, 7D, EV 91.3 MPH)
Top of the 3rd over - 0 runs, 0 hits, 0 errors, 1 left on base; FCL Boston 4 - FCL Los Angeles (N) 0
BOTTOM OF THE 3RD
FCL Los Angeles (N) Dodgers batting - Pitching for FCL Boston Red Sox : LHP Ron Walters
Batting: RHB Wilbert Ray 0-0: Called Strike
0-1: Called Strike
0-2: Strikes out swinging
Batting: RHB Willie Miller 0-0: Ground out 5-3 (Groundball, 56S, EV 85.0 MPH)
Batting: RHB Alfredo Macías 0-0: Called Strike
0-1: Ball
1-1: Ball
2-1: Fly out, F8 (Flyball, 8RM, EV 96.3 MPH)
Bottom of the 3rd over - 0 runs, 0 hits, 0 errors, 0 left on base; FCL Boston 4 - FCL Los Angeles (N) 0
TOP OF THE 4TH
FCL Boston Red Sox batting - Pitching for FCL Los Angeles (N) Dodgers : LHP Tommy McCoy
Batting: RHB Tim Williams 0-0: Ball
1-0: Foul Ball, location: 25F
1-1: Foul Ball, location: 9LMF
1-2: Ball
2-2: Strikes out swinging
Batting: RHB Robbie Moore 0-0: Ground out 4-3 (Groundball, 4M, EV 109.4 MPH)
Batting: RHB Luis Martínez 0-0: Foul Ball, location: 5SF
0-1: SINGLE (Groundball, 6D, EV 96.9 MPH) (infield hit)
Batting: RHB Doug Kerr 0-0: Ball
1-0: Called Strike
1-1: Called Strike
1-2: Ball
Luis Martínez steals 2nd base
2-2: Ball
3-2: Base on Balls
Pitching: RHP Pepe Hernández
Batting: RHB Ken Cotero 0-0: Fielders Choice at 2nd, 6-4 (Groundball, 6, EV 88.1 MPH)
Top of the 4th over - 0 runs, 1 hit, 0 errors, 2 left on base; FCL Boston 4 - FCL Los Angeles (N) 0
BOTTOM OF THE 4TH
FCL Los Angeles (N) Dodgers batting - Pitching for FCL Boston Red Sox : LHP Ron Walters
Batting: LHB Steve Drews 0-0: Ground out 6-3 (Groundball, 56, EV 98.1 MPH)
Batting: SHB Joe Holley 0-0: Ball
1-0: Called Strike
1-1: Ball
2-1: Called Strike
2-2: Foul Ball, location: 5FF
2-2: Ball
3-2: Strikes out swinging
Batting: RHB Sergio Aguilera 0-0: Ball
1-0: Foul Ball, location: 2RF, Error on foul ball, E2
1-1: Ball
2-1: Ball
3-1: Base on Balls
Batting: RHB Gonçalo Givotovsky 0-0: Called Strike
0-1: Foul Ball, location: 2F
0-2: Ball
1-2: Ball
2-2: Foul Ball, location: 2F
2-2: Ball
3-2: Base on Balls
Sergio Aguilera to second
Batting: LHB José Meléndez 0-0: Foul Ball, location: 7LMF
0-1: Ball
1-1: Called Strike
1-2: Strikes out swinging
Bottom of the 4th over - 0 runs, 0 hits, 1 error, 2 left on base; FCL Boston 4 - FCL Los Angeles (N) 0
TOP OF THE 5TH
FCL Boston Red Sox batting - Pitching for FCL Los Angeles (N) Dodgers : RHP Pepe Hernández
Batting: LHB Joaquín Segura 0-0: Foul Ball, location: 23FF
0-1: Ball
1-1: Ball
2-1: Ball
3-1: Base on Balls
Batting: RHB Jorge Ramírez 0-0: Ball
1-0: Ball
2-0: Ball
3-0: Called Strike
3-1: Fly out, F7 (Flyball, 7LM, EV 81.9 MPH)
Batting: SHB José Rodríguez 0-0: Ball
1-0: Ball
2-0: Ball
3-0: Called Strike
3-1: Base on Balls
Joaquín Segura to second
Batting: RHB Luz Negrón 0-0: Called Strike
0-1: Called Strike
0-2: SINGLE (Groundball, 6MD, EV 97.5 MPH)
Joaquín Segura to third
José Rodríguez to second
Batting: RHB Tim Williams 0-0: Foul Ball, location: 2F
0-1: Ball
1-1: Swinging Strike
1-2: SINGLE (Line Drive, 34D, EV 110.6 MPH)
Joaquín Segura scores
José Rodríguez to third
Luz Negrón to second
Batting: RHB Robbie Moore 0-0: Foul Ball, location: 23FF
0-1: SINGLE (Line Drive, 3D, EV 97.5 MPH)
José Rodríguez scores
Luz Negrón to third
Tim Williams to second
Batting: RHB Luis Martínez 0-0: Foul Ball, location: 2F
0-1: Called Strike
0-2: SINGLE (Groundball, 34D, EV 100.0 MPH)
Luz Negrón scores
Tim Williams to third
Robbie Moore to second
Runner from 3rd tries for Home, SAFE, throw by RF to home
Pitching: RHP Jim McCauley
Batting: RHB Doug Kerr 0-0: Ball
1-0: Foul Ball, location: 5SF
1-1: Swinging Strike
1-2: Ball
2-2: Strikes out swinging
Batting: RHB Ken Cotero 0-0: Called Strike
0-1: Foul Ball, location: 2F
0-2: Strikes out swinging
Top of the 5th over - 4 runs, 4 hits, 0 errors, 2 left on base; FCL Boston 8 - FCL Los Angeles (N) 0
BOTTOM OF THE 5TH
FCL Los Angeles (N) Dodgers batting - Pitching for FCL Boston Red Sox : LHP Ron Walters
Batting: RHB Patrice Dumortier 0-0: Called Strike
0-1: Foul Ball, location: 9LSF
0-2: Foul Ball, location: 3SF
0-2: Ball
1-2: Ball
2-2: Foul Ball, location: 3F
2-2: Foul Ball, location: 5DF
2-2: Ground out 5-3 (Groundball, 56S, EV 81.9 MPH)
Batting: RHB Wilbert Ray 0-0: Called Strike
0-1: Ball
1-1: Foul Ball, location: 5F
1-2: Strikes out swinging
Batting: RHB Willie Miller 0-0: Ball
1-0: Called Strike
1-1: Swinging Strike
1-2: Foul Ball, location: 2F
1-2: Ball
2-2: Strikes out swinging
Bottom of the 5th over - 0 runs, 0 hits, 0 errors, 0 left on base; FCL Boston 8 - FCL Los Angeles (N) 0
TOP OF THE 6TH
FCL Boston Red Sox batting - Pitching for FCL Los Angeles (N) Dodgers : RHP Jim McCauley
Batting: LHB Joaquín Segura 0-0: Foul Ball, location: 2F
0-1: Called Strike
0-2: SINGLE (Line Drive, 9S, EV 103.8 MPH)
Batting: RHB Jorge Ramírez 0-0: Called Strike
0-1: Foul Ball, location: 3F
0-2: Strikes out swinging
Batting: SHB José Rodríguez 0-0: Ball
1-0: Ball
2-0: Ball
3-0: Base on Balls
Joaquín Segura to second
Batting: RHB Luz Negrón 0-0: Ball
1-0: Ball
2-0: Ball
3-0: Called Strike
3-1: Foul Ball, location: 25F
3-2: Base on Balls
Joaquín Segura to third
José Rodríguez to second
Batting: RHB Tim Williams 0-0: Called Strike
0-1: Foul Ball, location: 2F
0-2: Ball
1-2: Ball
2-2: Strikes out swinging
Batting: RHB Robbie Moore 0-0: Foul Ball, location: 25F
0-1: Ball
1-1: Ball
2-1: Ball
3-1: Swinging Strike
3-2: Foul Ball, location: 23F
3-2: Strikes out swinging
Top of the 6th over - 0 runs, 1 hit, 0 errors, 3 left on base; FCL Boston 8 - FCL Los Angeles (N) 0
BOTTOM OF THE 6TH
FCL Los Angeles (N) Dodgers batting - Pitching for FCL Boston Red Sox : LHP Ron Walters
Pitching: RHP Jim Unknown
Batting: RHB Alfredo Macías 0-0: Called Strike
0-1: Ball
1-1: Foul Ball, location: 25FF
1-2: Ball
2-2: Strikes out swinging
Batting: LHB Steve Drews 0-0: Ball
1-0: Ball
2-0: Called Strike
2-1: SOLO HOME RUN (Line Drive, 9D, EV 98.8 MPH), Distance : 351 ft
Batting: SHB Joe Holley 0-0: Called Strike
0-1: Ball
1-1: Ball
2-1: Fly out, F7 (Flyball, 78M, EV 90.0 MPH)
Batting: RHB Sergio Aguilera 0-0: Swinging Strike
0-1: SINGLE (Line Drive, 8LS, EV 110.0 MPH)
Batting: RHB Gonçalo Givotovsky 0-0: Called Strike
Sergio Aguilera steals 2nd base
0-1: Called Strike
0-2: Foul Ball, location: 9LMF
0-2: Ball
1-2: Ball
2-2: Ball
3-2: Base on Balls
Batting: LHB José Meléndez 0-0: Ball
Wild Pitch!
Sergio Aguilera to third
Gonçalo Givotovsky to second
1-0: Ground out 4-3 (Groundball, 4M, EV 100.6 MPH)
Bottom of the 6th over - 1 run, 2 hits, 0 errors, 2 left on base; FCL Boston 8 - FCL Los Angeles (N) 1
TOP OF THE 7TH
FCL Boston Red Sox batting - Pitching for FCL Los Angeles (N) Dodgers : RHP Jim McCauley
Batting: RHB Luis Martínez 0-0: Called Strike
0-1: Fly out, F9 (Flyball, 9, EV 82.5 MPH)
Batting: RHB Doug Kerr 0-0: Ball
1-0: Ball
2-0: Called Strike
2-1: Ball
3-1: Base on Balls
Pitching: RHP Greg Walker
Batting: RHB Ken Cotero 0-0: Ball
1-0: SINGLE (Groundball, 13S, EV 60.0 MPH) (infield hit)
Doug Kerr to second
Batting: LHB Joaquín Segura 0-0: Fly out, F5 (Popup, 5F, EV 56.9 MPH)
Batting: RHB Jorge Ramírez 0-0: Called Strike
0-1: Foul Ball, location: 9LSF
0-2: Ball
1-2: Foul Ball, location: 5F
1-2: Foul Ball, location: 5FF
1-2: Ball
2-2: Ball
3-2: Fly out, F6 (Popup, 6M, EV 70.6 MPH)
Top of the 7th over - 0 runs, 1 hit, 0 errors, 2 left on base; FCL Boston 8 - FCL Los Angeles (N) 1
BOTTOM OF THE 7TH
FCL Los Angeles (N) Dodgers batting - Pitching for FCL Boston Red Sox : RHP Jim Unknown
Batting: RHB Patrice Dumortier 0-0: Swinging Strike
0-1: Ball
1-1: Swinging Strike
1-2: Ball
2-2: Foul Ball, location: 2F
2-2: Foul Ball, location: 2F
2-2: Strikes out swinging
Pinch Hitting: LHB Xavier Soto 0-0: Ground out 3-1 (Groundball, 34S, EV 87.5 MPH)
Batting: RHB Willie Miller 0-0: Ball
1-0: Ball
2-0: Foul Ball, location: 5FF
2-1: Foul Ball, location: 9LDF
2-2: Strikes out swinging
Bottom of the 7th over - 0 runs, 0 hits, 0 errors, 0 left on base; FCL Boston 8 - FCL Los Angeles (N) 1
TOP OF THE 8TH
FCL Boston Red Sox batting - Pitching for FCL Los Angeles (N) Dodgers : RHP Greg Walker
Now at 3B: Xavier Soto
Batting: SHB José Rodríguez 0-0: Ball
1-0: Ball
2-0: Ball
3-0: Base on Balls
Batting: RHB Luz Negrón 0-0: Foul Ball, location: 2F
0-1: Called Strike
0-2: Ball
1-2: Ball
2-2: Strikes out looking
Batting: RHB Tim Williams 0-0: Called Strike
0-1: Ball
1-1: Swinging Strike
1-2: Foul Ball, location: 2LF
1-2: Foul Ball, location: 2F
1-2: SINGLE (Groundball, 13, EV 87.5 MPH) (infield hit)
José Rodríguez to second
Pinch Hitting: RHB Oscar Boone 0-0: Called Strike
0-1: Called Strike
0-2: Strikes out swinging
Batting: RHB Luis Martínez 0-0: Ball
1-0: SINGLE (Line Drive, 6MD, EV 101.9 MPH)
José Rodríguez to third
Tim Williams to second
Batting: RHB Doug Kerr 0-0: Ball
1-0: Called Strike
1-1: Foul Ball, location: 2F
1-2: Strikes out swinging
Top of the 8th over - 0 runs, 2 hits, 0 errors, 3 left on base; FCL Boston 8 - FCL Los Angeles (N) 1
BOTTOM OF THE 8TH
FCL Los Angeles (N) Dodgers batting - Pitching for FCL Boston Red Sox : RHP Jim Unknown
Now at SS: Oscar Boone
Batting: LHB Sanho Morgado 0-0: Swinging Strike
0-1: Called Strike
0-2: Foul Ball, location: 5DF
0-2: Ball
1-2: Strikes out swinging
Pinch Hitting: SHB Balasubramanyam Kurapati 0-0: Foul Ball, location: 2F
0-1: Ball
1-1: SINGLE (Groundball, 3S, EV 66.3 MPH) (infield hit)
Pinch Hitting: RHB Juan Soto 0-0: Ball
1-0: SINGLE (Flyball, 89S, EV 88.1 MPH)
Balasubramanyam Kurapati to second
Batting: RHB Sergio Aguilera 0-0: Ball
1-0: Called Strike
1-1: Foul Ball, location: 9LDF
1-2: Strikes out swinging
Batting: RHB Gonçalo Givotovsky 0-0: Called Strike
0-1: Foul Ball, location: 5FF
0-2: Ball
1-2: Strikes out swinging
Bottom of the 8th over - 0 runs, 2 hits, 0 errors, 2 left on base; FCL Boston 8 - FCL Los Angeles (N) 1
TOP OF THE 9TH
FCL Boston Red Sox batting - Pitching for FCL Los Angeles (N) Dodgers : RHP Greg Walker
Now at 1B: Juan Soto
Now in LF: Balasubramanyam Kurapati
Pinch Hitting: LHB Mike Moneur 0-0: Ball
1-0: Ball
2-0: Ball
3-0: Swinging Strike
3-1: Base on Balls
Batting: LHB Joaquín Segura 0-0: Called Strike
0-1: DOUBLE (Line Drive, 78D, EV 100.0 MPH)
Mike Moneur to third
Runner from 3rd tries for Home, SAFE, throw by CF to home
Batting: RHB Jorge Ramírez 0-0: Foul Ball, location: 23FF
0-1: Foul Ball, location: 9LDF
0-2: Ball
1-2: Ball
2-2: Fly out, F8 (Flyball, 8RD, EV 88.8 MPH)
Batting: SHB José Rodríguez 0-0: Foul Ball, location: 25FF
0-1: Ball
1-1: Ground out 4-3 (Groundball, 4, EV 98.8 MPH)
Joaquín Segura to third
Batting: RHB Luz Negrón 0-0: Ball
1-0: Ball
2-0: Foul Ball, location: 25FF
2-1: Swinging Strike
2-2: Strikes out swinging
Top of the 9th over - 1 run, 1 hit, 0 errors, 1 left on base; FCL Boston 9 - FCL Los Angeles (N) 1
BOTTOM OF THE 9TH
FCL Los Angeles (N) Dodgers batting - Pitching for FCL Boston Red Sox : RHP Jim Unknown
Now at 1B: Mike Moneur
Pinch Hitting: RHB Joe Fitzgerald 0-0: Called Strike
0-1: Foul Ball, location: 2F
0-2: Foul Ball, location: 2F
0-2: Strikes out swinging
Pinch Hitting: RHB Mario López 0-0: Ball
1-0: Ball
2-0: SINGLE (Groundball, 56, EV 108.1 MPH)
Pitching: RHP Jim Unknown
Pinch Hitting: RHB Cliff Lang 0-0: Foul Ball, location: 2F
0-1: Ball
1-1: SINGLE (Groundball, 6MS, EV 70.6 MPH) (infield hit)
Mario López to second
Pinch Hitting: LHB Jorge González 0-0: Called Strike
0-1: Called Strike
0-2: Ball
1-2: Foul Ball, location: 7LSFF
1-2: Foul Ball, location: 2F
1-2: Ball
2-2: Strikes out looking
Batting: LHB Sanho Morgado 0-0: Ball
1-0: Swinging Strike
1-1: Ball
2-1: Ball
3-1: Called Strike
3-2: Foul Ball, location: 2F
3-2: 3-RUN HOME RUN (Flyball, 89XD, EV 100.0 MPH), Distance : 393 ft
Batting: SHB Balasubramanyam Kurapati 0-0: Ball
1-0: Ball
2-0: Called Strike
2-1: Called Strike
2-2: Foul Ball, location: 23F
2-2: Ball
3-2: Strikes out looking
Bottom of the 9th over - 3 runs, 3 hits, 0 errors, 0 left on base; FCL Boston 9 - FCL Los Angeles (N) 4
Friday, May 3rd , 2024 - OOTP Baseball 24.10 Build 82